 Dungeon Crawl Stone Soup version 0.28.0-45-g0d030f2227 (webtiles) character file.

Game seed: 6261738383498328641

69 Icepheonix32 the Chiller (level 4, 0/32 HPs)
             Began as a Demonspawn Ice Elementalist on Apr 16, 2022.
             Slain by a killer bee zombie (3 damage)
             ... on level 3 of the Dungeon.
             The game lasted 00:03:24 (2990 turns).

Icepheonix32 the Chiller (DsIE)                     Turns: 2990, Time: 00:03:25

Health: 0/32       AC:  3    Str: 10    XL:     4   Next: 2%
Magic:  0/7        EV: 16    Int: 22    God:
Gold:   44         SH:  0    Dex: 14    Spells: 6/7 levels left

rFire   . . .      SeeInvis .   (no weapon)
rCold   . . .      Faith    .   (no shield)
rNeg    . . .      Spirit   .   a - +0 robe
rPois   .          Reflect  .   (no helmet)
rElec   .          Harm     .   l - +0 cloak
rCorr   .          Rampage  .   (no gloves)
Will    .....                   (no boots)
Stlth   ++........              (no amulet)
HPRegen 0.10/turn               c - +4 ring of evasion
MPRegen 0.10/turn               n - +6 ring of intelligence

@: no status effects
A: claws 2, powered by pain 1
a: no special abilities


You were on level 3 of the Dungeon.
You visited 1 branch of the dungeon, and saw 3 of its levels.

You collected 44 gold pieces.

Inventory:

Hand Weapons
 e - a +0 short sword
Missiles
 g - 2 poisoned darts
 j - a throwing net
Armour
 a - a +0 robe (worn)
 k - a +0 buckler
 l - a +0 cloak (worn)
 m - a +0 ring mail
Jewellery
 c - a +4 ring of evasion (left claw)
 f - a ring of resist corrosion
 n - a +6 ring of intelligence (right claw)
Scrolls
 b - a scroll of noise {unknown}
 d - a scroll of identify {unknown}
 h - a scroll of immolation {unknown}
 i - a scroll of torment {unknown}


   Skills:
 * Level 1.4 Fighting
 - Level 0.1 Armour
 * Level 1.9 Dodging
 + Level 2.0 Stealth
 + Level 2.4 Spellcasting
 + Level 4.3 Ice Magic


You had 6 spell levels left.
You knew the following spells:

 Your Spells              Type           Power      Damage    Failure   Level
a - Freeze                Ice            84%        1d10      2%          1

Your spell library contained the following spells:

 Spells                   Type           Power      Damage    Failure   Level
 Frozen Ramparts          Ice            42%        1d6       7%          3
 Ozocubu's Armour         Ice            21%        N/A       7%          3
 Hailstorm                Conj/Ice       12%        3d5       47%         4


Dungeon Overview and Level Annotations

Branches:
Dungeon (3/15)

Altars:

Shops:
D:1 ?


Innate Abilities, Weirdness & Mutations

You have very sharp fingernails.
You sometimes gain a little power by taking damage.


Message History

The killer bee zombie barely misses you.
Unknown command.
You barely miss the killer bee zombie.
The killer bee zombie is severely damaged.
The killer bee zombie closely misses you. x2
Unknown command.
You closely miss the killer bee zombie.
The killer bee zombie is severely damaged.
The killer bee zombie closely misses you.
The killer bee zombie hits you.
* * * LOW HITPOINT WARNING * * *
Casting: Freeze (safe; 2% risk of failure)
Confirm with . or Enter, or press ? or * to list all spells.
Aiming: Freeze (safe; 2% risk of failure)
Press: ? - help, Shift-Dir - straight line, f/p - killer bee zombie
Aim: a killer bee zombie (severely damaged)
You freeze the killer bee zombie.
The killer bee zombie resists.
The killer bee zombie is severely damaged.
The killer bee zombie misses you.
The killer bee zombie hits you but does no damage.
You barely miss the killer bee zombie.
The killer bee zombie is severely damaged.
The killer bee zombie barely misses you.
Unknown command.
You barely miss the killer bee zombie.
The killer bee zombie is severely damaged.
The killer bee zombie barely misses you.
The killer bee zombie misses you.
Unknown command.
You scratch the killer bee zombie.
The killer bee zombie is severely damaged.
The killer bee zombie closely misses you.
The killer bee zombie hits you.
* * * LOW HITPOINT WARNING * * *
Unknown command.
You scratch the killer bee zombie but do no damage.
The killer bee zombie is severely damaged.
The killer bee zombie hits you but does no damage.
The killer bee zombie hits you.
You die...

#########.# ..
....#####.####.# ..#
.............#.# ..#
..#.#####.##.#.# ...#
#.#.# #.##.#.# ....#
#.#.#
..##.#.####....#
#.#.#
...##.#..........
....# ....##........#
##############..@Z..#
#..†...# +......#
#.###### #.# #.# #>#
#.#


You could see a killer bee zombie.

Vanquished Creatures
  2 adders (D:2)
  3 dart slugs
  3 endoplasms
  3 giant cockroaches
  3 goblins
  4 hobgoblins
  3 jackals (D:1)
  2 quokkas (D:1)
  4 ball pythons
  5 bats
  4 frilled lizards (D:1)
  4 kobolds
  4 rats
44 creatures vanquished.

Notes
Turn   | Place    | Note
-------+----------+-------------------------------------------
     0 | D:1      | Icepheonix32 the Demonspawn Ice Elementalist began the
                  | quest for the Orb.
     0 | D:1      | Reached XP level 1. HP: 13/13 MP: 3/3
   393 | D:1      | Gained mutation: You sometimes gain a little power by
                  | taking damage. [demonic ancestry]
   393 | D:1      | Reached XP level 2. HP: 16/20 MP: 1/5
   466 | D:1      | Reached skill level 4 in Ice Magic
  1019 | D:1      | Found a faded altar of an unknown god.
  1137 | D:1      | Found Cesustrei's Magic Scroll Boutique.
  1207 | D:1      | Gained mutation: You have sharp fingernails. [demonic
                  | ancestry]
  1207 | D:1      | Reached XP level 3. HP: 25/25 MP: 6/6
  1825 | D:2      | Reached skill level 1 in Fighting
  2787 | D:2      | Gained mutation: You have very sharp fingernails. [demonic
                  | ancestry]
  2787 | D:2      | Reached XP level 4. HP: 29/32 MP: 5/7
  2990 | D:3      | Slain by a killer bee zombie

Illustrated notes

Levels and vault maps discovered:
D:1:      eino_arrival_tree_alley, layout_loops_ring, serial_shops, shop,
          shapermc_ecumenical_altar_pompeii
D:2:      minmay_alternating_diamond, layout_basic
D:3:      layout_basic, nrook_uturn

Skill      XL: |  1  2  3 |
---------------+----------+-----
Ice Magic      | 4 |  4.3
Fighting       | 1 |  1.4
Stealth        | 2 |  2.0
Armour         | |  0.1
Dodging        | |  1.9
Spellcasting   | |  2.4

Action                   |  1- 3 |  4- 6 || total
-------------------------+-------+-------++-------
Melee: Unarmed           |    14 |    17 ||    31
       Short sword       |    28 |       ||    28
       Punch             |       |     1 ||     1
Throw: Dart              |     2 |       ||     2
 Cast: Freeze            |    52 |     9 ||    61
 Stab: Sleeping          |     1 |       ||     1
Armor: Robe              |    14 |     5 ||    19
Dodge: Dodged            |    80 |    32 ||   112
